 Dungeon Crawl Stone Soup version 0.26.0-20-g3ca415f5b8 (webtiles) character file.

Game seed: 618761878583514336

4837 thiole the Fighter (level 10, -1/72 HPs)
             Began as an Octopode Fighter on Jan 25, 2021.
             Was an Initiate of Gozag.
             Slain by a yak (8 damage)
             ... on level 8 of the Dungeon.
             The game lasted 00:21:26 (10525 turns).

thiole the Fighter (Octopode Fighter)              Turns: 10525, Time: 00:21:26

Health: -1/72      AC:  3    Str: 20    XL:     10   Next: 49%
Magic:  10/10      EV: 17    Int: 20    God:    Gozag
Gold:   1023       SH: 11    Dex: 17    Spells: 9/9 levels left

rFire    x . .     SeeInvis +   a - +1 war axe
rCold    + . .     Faith    .   b - +0 kite shield
rNeg     . . .     Spirit   .   J - +2 hat
rPois    .         Reflect  .   L - amulet "Baruicke" {Acrobat +Inv Str+4}
rElec    .         Harm     .   n - ring of willpower
rCorr    .         Rampage  .   o - ring of ice
Will     +....                  y - ring of see invisible
Stlth    +++.......             C - +6 ring of dexterity
HPRegen  0.22/turn              d - +6 ring of intelligence
MPRegen  0.12/turn              (no ring)
                                (no ring)
                                (no ring)

@: mighty, gold aura
A: almost no armour, stealthy swim, amphibious, 8 rings, constrict 8, camouflage
1, gelatinous body 1
a: Renounce Religion, Evoke Invisibility, Potion Petition, Call Merchant, Bribe
Branch


You were on level 8 of the Dungeon.
You worshipped Gozag.
Gozag was most pleased with you.
You visited 2 branches of the dungeon, and saw 9 of its levels.
You also visited: Ossuary.

You collected 1095 gold pieces.
You paid 72 gold pieces to Gozag.

Inventory:

Hand Weapons
 a - a +1 war axe (weapon)
Missiles
 m - 268 stones
 t - 6 poisoned darts (quivered)
Armour
 b - a +0 kite shield (worn)
 J - a +2 hat (worn)
Jewellery
 d - a +6 ring of intelligence (on tentacle)
 n - a ring of willpower (left tentacle)
 o - a ring of ice (right tentacle)
 y - a ring of see invisible (on tentacle)
 C - a +6 ring of dexterity (on tentacle)
 H - an uncursed ring of fire
 L - the amulet "Baruicke" (around mantle) {Acrobat +Inv Str+4}
   (You found it in an ossuary)

   [amulet of the acrobat]

   It helps you evade while moving and waiting.
   It affects your strength (+4).
   It lets you turn invisible.
Wands
 A - a wand of digging (6)
 B - a wand of acid (9)
 D - a wand of iceblast (8)
 O - a wand of flame (16)
Scrolls
 f - 3 scrolls of enchant weapon
 g - 6 scrolls of remove curse
 j - 2 scrolls of amnesia {unknown}
 k - a scroll of magic mapping
 r - 2 scrolls of noise {unknown}
 s - 2 scrolls of fog {unknown}
 u - 7 scrolls of teleportation
 w - 2 scrolls of immolation {unknown}
 z - 2 scrolls of random uselessness {unknown}
 E - 2 scrolls of fear {unknown}
 F - 3 scrolls of enchant armour {unknown}
 G - a scroll of blinking {unknown}
 I - a scroll of identify
Potions
 e - 2 potions of magic {unknown}
 h - 9 potions of curing {unknown}
 i - 3 potions of lignification {unknown}
 l - 2 potions of resistance {unknown}
 p - a potion of attraction {unknown}
 q - a potion of cancellation
 v - 2 potions of berserk rage
 x - 4 potions of haste {unknown}
 K - a potion of mutation {unknown}
 N - a potion of brilliance {unknown}


   Skills:
 + Level 8.2 Fighting
 + Level 7.8 Axes
 + Level 8.2 Dodging
 + Level 8.2 Shields


You had 9 spell levels left.
You didn't know any spells.
Your spell library was empty.

Dungeon Overview and Level Annotations

Branches:
Dungeon (8/15)             Temple (1/1) D:5         Ossuary (visited)
   Lair: D:8-11

Altars:
Gozag
Kikubaaqudgha
Nemelex Xobeh
Vehumet
Wu Jian


Innate Abilities, Weirdness & Mutations

You cannot wear most types of armour.
You are very stealthy in the water. (Stealth+)
You are amphibious.
You can wear up to eight rings at the same time.
You can use your tentacles to constrict eight enemies at once.
Your skin changes colour to match your surroundings (Stealth+).
Your rubbery body absorbs attacks. (AC +1, EV +1)


Message History

The yak gores you!
* * * LOW HITPOINT WARNING * * *
You slash the yak! You squeeze the yak, but do no damage.
The yak is severely wounded.
The yak gores you!
* * * LOW HITPOINT WARNING * * *
You closely miss the yak. You squeeze the yak.
The yak is severely wounded.
The yak gores you.
* * * LOW HITPOINT WARNING * * *
You hit the yak but do no damage. You squeeze the yak, but do no damage.
The yak is severely wounded.
You block the yak's attack. x2
You feel very mighty all of a sudden. The yak closely misses you.
You barely miss the yak. Your squeeze misses the yak.
The yak is severely wounded.
The yak gores you!
You die...
Your body crumbles into a pile of gold.

...(. .# ........# #.$#
.# ........# # #
#..###.#########.#
.#.#.##................#
$
.............###.#######
.#.#.##.#....#....#####.
.......(#....#....'.##.#
.#.#.##Y#....#....#####.
. # #@#....#....# ###
#.#....#....# #.#
.##.####.###.## #.#
.........# #.#####.#
.##.####.# #........ #.#
#.# #.#####.#
...####.###.# #(#
............# #.#
##.####.###.# #.#


You could see a yak.

Vanquished Creatures
  Erica (D:8)
  Pikel (D:8)
  Joseph (D:8)
  5 yaks (D:8)
  2 orc warriors
  2 sky beasts
  4 ogres
  2 centaurs (D:8)
  3 bullfrogs
  A water moccasin zombie (D:8)
  7 scorpions (Ossuary)
  4 wights (D:7)
  A howler monkey (D:8)
  3 centaur zombies
  2 human zombies (Ossuary)
  Crazy Yiuf (D:5)
  A bullfrog skeleton (D:7)
  3 hounds
  4 orc wizards
  An iguana (D:8)
  Natasha (thrice) (D:4)
  2 worker ants
  A big kobold zombie (Ossuary)
  4 mummies
  A hound skeleton (D:4)
  Robin (D:3)
  A gnoll (D:8)
  14 adders
  3 scorpion zombies (Ossuary)
  A white imp (D:7)
  3 ufetubi
  An adder zombie (D:7)
  An adder skeleton (D:4)
  A dart slug (D:1)
  5 leopard geckos
  11 orcs
  5 giant cockroaches
  A gnoll zombie (Ossuary)
  21 goblins
  5 hobgoblins
  5 jackals
  6 quokkas
  A ball python (D:2)
  A ball python skeleton (D:4)
  11 bats
  7 frilled lizards
  2 goblin zombies (Ossuary)
  3 hobgoblin zombies
  5 kobolds
  3 kobold zombies
  A leopard gecko skeleton (D:8)
  A leopard gecko zombie (D:5)
  An orc zombie (Ossuary)
  7 rats
188 creatures vanquished.

Vanquished Creatures (others)
  An orc (D:8)
1 creature vanquished.

Grand Total: 189 creatures vanquished

Notes
Turn   | Place    | Note
-------+----------+-------------------------------------------
     0 | D:1      | thiole the Octopode Fighter began the quest for the Orb.
     0 | D:1      | Reached XP level 1. HP: 16/16 MP: 1/1
   382 | D:1      | Reached XP level 2. HP: 21/21 MP: 2/2
   599 | D:1      | Reached XP level 3. HP: 10/26 MP: 3/3
  1948 | D:2      | Reached XP level 4. HP: 31/31 MP: 4/4
  2937 | D:3      | Noticed Robin
  2951 | D:3      | Killed Robin
  2952 | D:3      | Reached XP level 5. HP: 22/37 MP: 5/5
  3705 | D:3      | Found an ancient bone altar of Kikubaaqudgha.
  4328 | D:4      | Noticed Natasha
  4332 | D:4      | Killed Natasha
  4333 | D:4      | Reached XP level 6. HP: 34/43 MP: 6/6
  4520 | D:4      | Found a sparkling altar of Nemelex Xobeh.
  4793 | D:5      | Entered Level 5 of the Dungeon
  4929 | D:4      | Noticed Natasha
  4938 | D:4      | Killed Natasha
  5295 | D:4      | Noticed Natasha
  5298 | D:4      | Killed Natasha
  5560 | D:5      | Found a staircase to the Ecumenical Temple.
  5578 | Temple   | Entered the Ecumenical Temple
  5593 | Temple   | Became a worshipper of Gozag Ym Sagoz the Greedy
  5965 | D:5      | Found a runed translucent door.
  5966 | D:5      | Noticed Crazy Yiuf
  6294 | D:5      | Killed Crazy Yiuf
  6721 | D:6      | Reached XP level 7. HP: 36/49 MP: 7/7
  7824 | D:7      | Reached skill level 5 in Fighting
  7824 | D:7      | Reached skill level 5 in Dodging
  7824 | D:7      | Reached skill level 5 in Shields
  7908 | D:7      | Reached XP level 8. HP: 55/55 MP: 8/8
  8197 | D:7      | Reached skill level 5 in Axes
  8440 | D:8      | Noticed Joseph
  8491 | D:8      | Found a sand-covered staircase.
  8559 | Ossuary  | Entered an ossuary
  8901 | Ossuary  | Reached XP level 9. HP: 53/63 MP: 9/9
  9086 | Ossuary  | Got a bound sapphire amulet
  9535 | D:8      | Killed Joseph
  9752 | D:8      | Identified the amulet "Baruicke" {Acrobat +Inv Str+4} (You
                  | found it in an ossuary)
  9878 | D:8      | Noticed Pikel
  9888 | D:8      | Killed Pikel
 10040 | D:8      | Noticed Erica
 10046 | D:8      | Killed Erica
 10047 | D:8      | Reached XP level 10. HP: 63/72 MP: 10/10
 10525 | D:8      | Slain by a yak

Illustrated notes

Levels and vault maps discovered:
D:1:      zelgadis_glass_arrival_small, layout_loops_corners
D:2:      layout_loops_corners
D:3:      layout_loops_corners, lemuel_coloured_pillars_altar, uniq_robin
D:4:      layout_loops_corners, nemelex_diamond_rough_becter, uniq_natasha
D:5:      layout_cave_pods, minmay_temple_entry_tees, kennysheep_generic_room_5,
          uniq_crazy_yiuf_cottage
D:6:      layout_basic
D:7:      layout_loops_ring
D:8:      layout_basic, nicolae_ossuary_entry_giza, kennysheep_kite_vault,
          uniq_joseph, uniq_erica, uniq_pikel
Temple:   roderic_octagonal_lattice_temple

Skill      XL: |  1  2  3  4  5  6  7  8  9 10 |
---------------+-------------------------------+-----
Axes           | 3 4 5 7 |  7.8
Shields        | 4 5 6 7 8 |  8.2
Fighting       | 4 5 6 7 8 |  8.2
Dodging        | 4 5 6 7 8 |  8.2

Action                   |  1- 3 |  4- 6 |  7- 9 | 10-12 || total
-------------------------+-------+-------+-------+-------++-------
Melee: War axe           |    75 |   137 |   166 |    67 ||   445
       Constrict         |    20 |    24 |    46 |     2 ||    92
       Tentacles         |     9 |    20 |    58 |    24 ||   111
Throw: Dart              |       |    34 |    56 |     6 ||    96
       Stone             |       |       |     5 |       ||     5
  Use: Scroll            |     2 |     3 |     7 |       ||    12
       Potion            |       |       |     2 |     3 ||     5
 Stab: Sleeping          |     7 |    10 |     3 |       ||    20
       Distracted        |       |     1 |     4 |     2 ||     7
       Invisible         |       |       |     2 |       ||     2
Armor: Skin              |    12 |     9 |     3 |       ||    24
Dodge: Dodged            |    48 |    66 |    66 |    30 ||   210
Block: Kite shield       |    30 |    60 |    73 |    46 ||   209
